 Dungeon Crawl Stone Soup version 0.22.1-1-ga44c0e56f4 (webtiles) character file.

5324 Masnef the Summoner (level 10, -2/74 HPs)
             Began as a Barachi Summoner on Oct 13, 2018.
             Was a Priest of Sif Muna.
             Slain by Snorg (20 damage)
             ... on level 11 of the Dungeon on Oct 22, 2018.
             The game lasted 00:57:34 (12755 turns).

Masnef the Summoner (Barachi Summoner)             Turns: 12755, Time: 00:57:35

Health: -2/74      AC: 11    Str: 14      XL:     10   Next: 64%
Magic:  8/22       EV: 16    Int: 20 (21) God:    Sif Muna [***...]
Gold:   175        SH:  4    Dex: 11      Spells: 10/26 levels left

rFire    . . .     SeeInvis +   y - +7 hand axe "Xucwats" {chop, rF- Dex+4 SInv}
rCold    . . .     Gourm    .   N - +0 buckler {rF+}
rNeg     . . .     Faith    .   L - +1 leather armour "Poqaal" {Str+4 Int+2 Dex-5 SInv}
rPois    .         Spirit   .   M - +0 helmet
rElec    .         Reflect  .   (no cloak)
rCorr    .         Harm     .   u - +1 pair of gloves
MR       .....                  (no boots)
Stlth    +.........             i - amulet of magic regeneration
HPRegen  0.22/turn              q - +2 ring of evasion
MPRegen  0.43/turn              Q - +4 ring of protection

@: can't hop, hasted, divine energy, quick
A: +LOS, swims, deterioration 1, slowness 1, subdued magic 1, strong legs 1
a: Hop, Stop Divine Energy, Channel Magic, Renounce Religion


You were on level 11 of the Dungeon.
You worshipped Sif Muna.
Sif Muna was most pleased with you.
You were not hungry.

You visited 2 branches of the dungeon, and saw 12 of its levels.
You also visited: Ossuary.

You collected 528 gold pieces.
You spent 353 gold pieces at shops.

Inventory:

Hand Weapons
 b - a +1 hand axe of venom
 e - a +0 hand axe
 k - a -2 whip
 l - a +0 dagger
 v - a +2 flail of freezing
 y - the +7 hand axe "Xucwats" (weapon) {chop, rF- Dex+4 SInv}
   (You bought it in a shop on level 6 of the Dungeon)

   It inflicts extra damage upon your enemies.
   It affects your dexterity (+4).
   It makes you vulnerable to fire.
   It lets you see invisible.
 E - the +5 demon whip "Spellbinder" {antimagic, MR+}
   (You took it off an orc priest on level 6 of the Dungeon)

   It reduces the magical energy of the wielder, and disrupts the spells and
   magical abilities of those hit.
   Natural abilities and divine invocations are not affected.
   It affects your resistance to hostile enchantments.
Armour
 a - a +0 robe
 d - a cursed -1 ring mail
 m - a +0 buckler
 n - the +1 robe of the Eternal Fruit {Str+2}
   (You found it on level 4 of the Dungeon)

   It affects your strength (+2).
 u - a +1 pair of gloves (worn)
 w - a +1 robe of cold resistance
 L - the +1 leather armour "Poqaal" (worn) {Str+4 Int+2 Dex-5 SInv}
   (You found it on level 9 of the Dungeon)

   It affects your strength (+4).
   It affects your intelligence (+2).
   It affects your dexterity (-5).
   It lets you see invisible.
 M - a +0 helmet (worn)
 N - a +0 buckler of fire resistance (worn)
Jewellery
 i - an amulet of magic regeneration (around neck)
 q - a +2 ring of evasion (left hand)
 Q - a +4 ring of protection (right hand)
 S - an uncursed ring of resist corrosion {unknown}
Wands
 g - a wand of acid (3)
 C - a wand of disintegration (7)
 K - a wand of polymorph (13)
 R - a wand of flame (14)
Scrolls
 s - a scroll of identify
 t - a scroll of magic mapping
 x - 2 scrolls of random uselessness
 B - 6 scrolls of teleportation
 F - 3 scrolls of enchant weapon
 H - a scroll of enchant armour
 I - 2 scrolls of remove curse
 P - a scroll of amnesia
Potions
 f - a potion of heal wounds
 h - a potion of ambrosia
 j - 2 potions of haste
 o - 2 potions of invisibility
 p - 3 potions of curing
 r - 2 potions of agility {unknown}
 z - a potion of might
 A - a potion of magic
 D - 3 potions of resistance
 G - 4 potions of flight {unknown}
 J - 2 potions of cancellation
 O - a potion of mutation {unknown}
Comestibles
 c - 5 rations
 T - 4 chunks of flesh


   Skills:
 + Level 5.5 Fighting
 + Level 3.1 Maces & Flails
 + Level 6.5 Dodging
 - Level 1.7 Stealth
 - Level 4.1 Shields
 + Level 8.8 Spellcasting
 + Level 11.1 Summonings
 - Level 4.0 Ice Magic
 + Level 1.3 Air Magic


You had 10 spell levels left.
You knew the following spells:

 Your Spells              Type           Power        Failure   Level  Hunger
a - Summon Lightning Spi  Summ/Air       ####....     6%          4    ###....
b - Call Imp              Summ           #####...     1%          2    None
c - Call Canine Familiar  Summ           #####...     1%          3    None
d - Summon Guardian Gole  Hex/Summ       ###.....     2%          3    None
e - Summon Ice Beast      Ice/Summ       ####....     3%          4    ###....

Your spell library contained the following spells:

 Spells                   Type           Power        Failure   Level  Hunger
 Summon Small Mammal      Summ           ####         1%          1    None
 Magic Dart               Conj           #...         8%          1    None
 Searing Ray              Conj           #.....       13%         2    None
 Dazzling Spray           Conj/Hex       #.....       26%         3    None
 Force Lance              Conj/Tloc      #.......     65%         4    ###....
 Fulminant Prism          Conj/Hex       #.........   65%         4    ###....
 Iskenderun's Mystic Bla  Conj           #.......     65%         4    ###....


Dungeon Overview and Level Annotations

Branches:
Dungeon (11/15)            Temple (1/1) D:6
   Lair: D:8-11         Orc: D:9-12

Altars:
Ashenzari
Cheibriados
Dithmenos
Elyvilon
Fedhas
Gozag
Hepliaklqana
Kikubaaqudgha
Makhleb
Nemelex Xobeh
Okawaru
Qazlal
Ru
Sif Muna
Trog
Uskayaw
Vehumet
Wu Jian
Xom
Yredelemnul
Zin
The Shining One

Shops:
D:6 (   D:9 [

Annotations:
D:11 Snorg


Innate Abilities, Weirdness & Mutations

Shadows flee at your approach. (+LOS)
You can swim through water.
You cover ground slowly.
You can hop short distances.
Your body sometimes deteriorates upon taking damage.
Your spells are a little easier to cast, but a little less powerful.


Message History

Your ice beast closely misses Snorg.
Snorg shouts!
Casting: Summon Ice Beast (safe; 3% risk of failure)
Confirm with . or Enter, or press ? or * to list all spells.
Aiming: Summon Lightning Spire (safe; 6% risk of failure)
Press: ? - help, Dir - move target cursor An electric hum fills the air.
Snorg bites your lightning spire! Snorg claws your lightning spire!
Your lightning spire is destroyed!
Snorg rages.
Snorg bites you but does no damage. Snorg closely misses you. x2
Okay, then.
You feel yourself speed up. You block Snorg's attack. Snorg barely misses you.
Snorg claws you but does no damage.
Your ice beast barely misses Snorg.
Snorg bites you. Snorg claws you.
* * * LOW HITPOINT WARNING * * *
Snorg closely misses you.
There is an open door here.
Snorg bites you!!
You die...

...............
...............
######### #. #(#
#.......#####.###.###
#...........#.......#
#.......[...#.......#
#...##..##.###'##.>##
#...##..##.##..######
#......@T'Y.........#
#().##<..#..........#
##'###...#..........#
#...#########'####'#####
#...##..####.>.##..###..
#....#<...#....#..)[..8.
#....#....#....#.....z.†
#...#........######.###)
############## ####.#


You could see Snorg (berserk) and a friendly ice beast.

Vanquished Creatures
  A hungry ghost (D:8)
  2 water moccasins
  A sky beast (D:8)
  An orc warrior (D:10)
  2 ice beasts
  An ogre (D:5)
  2 centaurs
  A big kobold (D:8)
  A crocodile (D:11)
  2 bullfrogs
  2 water moccasin zombies (Ossuary)
  2 killer bees (D:8)
  3 crimson imps
  A centaur zombie (D:5)
  A quasit (D:10)
  3 bullfrog skeletons
  3 hounds
  A jelly (D:9)
  2 orc wizards
  An orc priest (D:7)
  3 iguanas
  6 worker ants
  A killer bee zombie (D:9)
  3 big kobold zombies (Ossuary)
  A hound skeleton (D:6)
  3 worker ant zombies
  4 adders
  6 adder zombies
  A worm (D:3)
  2 dart slugs
  7 orcs
  4 giant cockroaches
  4 hobgoblins
  3 jackals
  6 kobolds
  3 quokkas
  A ball python (D:1)
  4 bats (D:2)
  5 frilled lizards
  3 gnoll zombies (Ossuary)
  4 goblins
  6 hobgoblin zombies (Ossuary)
  4 kobold zombies (Ossuary)
  4 orc zombies (Ossuary)
  4 rats
125 creatures vanquished.

Vanquished Creatures (collateral kills)
  A two-headed ogre (D:9)
  Urug (D:11)
  An ugly thing (D:8)
  A cyclops (D:9)
  3 trolls
  2 hippogriffs
  Sigmund (D:4)
  A wyvern (D:8)
  Edmund (D:4)
  A steam dragon (D:9)
  A soldier ant (D:10)
  2 orc warriors
  2 sky beasts (D:6)
  An ogre (D:10)
  2 black bears (D:7)
  An eye of draining (D:9)
  A wolf (D:11)
  2 centaurs
  A big kobold (D:8)
  3 bullfrogs
  A scorpion (D:4)
  3 killer bees (D:8)
  6 wights
  A hound (D:11)
  A jelly (D:5)
  6 orc priests
  A gnoll shaman (D:7)
  3 orc wizards
  A centaur skeleton (D:5)
  2 bullfrog skeletons
  An iguana (D:4)
  4 worker ants
  2 mummies (Ossuary)
  4 gnolls (D:7)
  7 adders
  2 adder zombies
  A dart slug (D:1)
  15 orcs
  A giant cockroach (D:6)
  4 goblins
  3 hobgoblins
  6 jackals
  3 kobolds
  A quokka (D:9)
  5 bats (D:1)
  A frilled lizard (D:5)
  A quokka zombie (D:7)
  A rat (D:1)
  A rat zombie (D:7)
117 creatures vanquished.

Vanquished Creatures (others)
  A bullfrog (D:6)
1 creature vanquished.

Grand Total: 243 creatures vanquished

Notes
Turn   | Place    | Note
-------+----------+-------------------------------------------
     0 | D:1      | Masnef the Barachi Summoner began the quest for the Orb.
     0 | D:1      | Reached XP level 1. HP: 13/13 MP: 3/3
    61 | D:1      | Reached skill level 5 in Summonings
   395 | D:1      | Reached XP level 2. HP: 11/19 MP: 3/5
   399 | D:1      | Learned a level 2 spell: Call Imp
   565 | D:1      | Found a sparkling altar of Nemelex Xobeh.
  1399 | D:2      | Reached XP level 3. HP: 17/24 MP: 6/6
  1871 | D:2      | Found a glowing golden altar of the Shining One.
  2210 | D:3      | Found a snail-covered altar of Cheibriados.
  2408 | D:3      | Learned a level 3 spell: Call Canine Familiar
  2411 | D:3      | Found a shadowy altar of Dithmenos.
  2412 | D:3      | Found a hazy altar of Hepliaklqana.
  2439 | D:3      | Reached skill level 6 in Summonings
  2447 | D:3      | Reached skill level 1 in Fighting
  2464 | D:3      | Found a shimmering altar of Xom.
  2489 | D:3      | Found a glowing silver altar of Zin.
  2489 | D:3      | Noticed an angel
  2496 | D:3      | Reached XP level 4. HP: 26/32 MP: 6/8
  2671 | D:3      | Found an ancient bone altar of Kikubaaqudgha.
  2675 | D:3      | Found a blossoming altar of Fedhas.
  2999 | D:4      | Got a heavily jewelled robe
  3010 | D:4      | Identified the +1 robe of the Eternal Fruit {Str+2} (You
                  | found it on level 4 of the Dungeon)
  3662 | D:4      | Found a shattered altar of Ashenzari.
  3707 | D:4      | Reached XP level 5. HP: 20/37 MP: 5/9
  4352 | D:4      | Noticed Edmund
  4377 | D:4      | Killed Edmund
  4377 | D:4      | Reached XP level 6. HP: 28/44 MP: 8/12
  4382 | D:4      | Learned a level 3 spell: Summon Guardian Golem
  4387 | D:4      | Learned a level 4 spell: Summon Ice Beast
  4662 | D:4      | Noticed Sigmund
  4716 | D:4      | Killed Sigmund
  4978 | D:5      | Entered Level 5 of the Dungeon
  5310 | D:5      | Reached skill level 7 in Summonings
  5310 | D:5      | Reached skill level 1 in Ice Magic
  5429 | D:5      | Reached skill level 1 in Shields
  5438 | D:5      | Reached skill level 1 in Maces & Flails
  5458 | D:5      | Reached XP level 7. HP: 42/50 MP: 13/13
  6714 | D:6      | Found Amom's Antique Weapon Shop.
  6720 | D:6      | Bought an encrusted hand axe for 192 gold pieces
  6720 | D:6      | Identified the +7 hand axe "Xucwats" {chop, rF- Dex+4 SInv}
                  | (You bought it in a shop on level 6 of the Dungeon)
  6726 | D:6      | Found a burning altar of Makhleb.
  6878 | D:6      | Found a staircase to the Ecumenical Temple.
  6929 | D:6      | Reached skill level 5 in Spellcasting
  6929 | D:6      | Reached XP level 8. HP: 18/57 MP: 4/15
  7003 | Temple   | Entered the Ecumenical Temple
  7052 | Temple   | Became a worshipper of Sif Muna the Loreminder
  7744 | D:7      | Found a sand-covered staircase.
  7759 | Ossuary  | Entered an ossuary
  8032 | Ossuary  | Reached skill level 8 in Summonings
  8209 | Ossuary  | Reached * piety under Sif Muna
  8642 | D:7      | Found a bloodstained altar of Trog.
  9216 | D:7      | Found an opulent altar of Gozag.
  9410 | D:8      | Noticed a green ugly thing
  9428 | D:8      | Killed a green ugly thing
  9428 | D:8      | Reached XP level 9. HP: 64/64 MP: 10/18
  9773 | D:8      | Reached skill level 9 in Summonings
 10046 | D:8      | Reached ** piety under Sif Muna
 10170 | D:8      | Reached skill level 5 in Dodging
 10903 | D:8      | Learned a level 4 spell: Summon Lightning Spire
 11110 | D:9      | Identified a scroll of acquirement
 11113 | D:9      | Got a twisted broad axe
 11114 | D:9      | Identified the +9 broad axe "Sent" {distort, +Fly rC+} (You
                  | acquired it on level 9 of the Dungeon)
 11144 | D:9      | Gained mutation: Your spells are a little easier to cast,
                  | but a little less powerful. [mutagenic glow]
 11148 | D:9      | Noticed a two-headed ogre
 11170 | D:9      | Killed a two-headed ogre
 11170 | D:9      | Reached skill level 10 in Summonings
 11170 | D:9      | Reached XP level 10. HP: 40/73 MP: 10/21
 11221 | D:9      | Gained mutation: Your body sometimes deteriorates upon
                  | taking damage. [mutagenic glow]
 11415 | D:9      | Noticed a cyclops
 11422 | D:9      | Killed a cyclops
 11500 | D:9      | Got a steaming leather armour
 11511 | D:9      | Identified the +1 leather armour "Poqaal" {Str+4 Int+2
                  | Dex-5 SInv} (You found it on level 9 of the Dungeon)
 11538 | D:9      | Found Camie's Armour Emporium.
 11547 | D:9      | Bought a +0 buckler of fire resistance for 161 gold pieces
 11586 | D:10     | Entered Level 10 of the Dungeon
 11599 | D:10     | Reached skill level 5 in Fighting
 11756 | D:10     | Reached *** piety under Sif Muna
 12532 | D:11     | Noticed Urug
 12639 | D:11     | Killed Urug
 12680 | D:11     | Reached skill level 11 in Summonings
 12680 | D:11     | Reached skill level 1 in Air Magic
 12721 | D:11     | Noticed Snorg
 12755 | D:11     | Slain by Snorg

Skill      XL: |  1  2  3  4  5  6  7  8  9 10 |
---------------+-------------------------------+-----
Summonings     | 5 6 7 8 10 11 | 11.1
Fighting       | 1 2 3 4 5 |  5.5
Spellcasting   | 3 4 5 6 7 8 |  8.8
Dodging        | 3 4 6 |  6.5
Ice Magic      | 1 2 4 |  4.0
Shields        | 1 2 4 |  4.1
Maces & Flails | 1 2 3 |  3.1
Air Magic      | 1 |  1.3
Stealth        | |  1.7

Action                   |  1- 3 |  4- 6 |  7- 9 | 10-12 || total
-------------------------+-------+-------+-------+-------++-------
Melee: Unarmed           |    22 |       |       |       ||    22
       Hand axe          |    87 |    27 |   204 |    67 ||   385
       Flail             |       |    25 |    60 |       ||    85
 Cast: Summon Small Mamm |    11 |     1 |       |       ||    12
       Call Imp          |     6 |    20 |    22 |     1 ||    49
       Call Canine Famil |       |    11 |    22 |     2 ||    35
       Summon Guardian G |       |       |    13 |     5 ||    18
       Summon Ice Beast  |       |       |    36 |    12 ||    48
       Summon Lightning  |       |       |     1 |    16 ||    17
Invok: Divine Energy     |       |       |     1 |       ||     1
 Abil: Hop               |       |     1 |     4 |     1 ||     6
  Use: Scroll            |     3 |     3 |    13 |     4 ||    23
       Potion            |     1 |     1 |     4 |     1 ||     7
 Stab: Sleeping          |     6 |     2 |     7 |       ||    15
       Distracted        |       |       |     1 |       ||     1
       Invisible         |       |       |     1 |       ||     1
  Eat: Chunk             |     6 |     6 |     9 |     5 ||    26
       Ration            |       |     2 |     5 |     1 ||     8
Armor: Robe              |    34 |    15 |    85 |       ||   134
       Skin              |       |    13 |       |       ||    13
       Leather armour    |       |       |       |    24 ||    24
Dodge: Dodged            |   115 |    40 |   283 |    94 ||   532
Block: Buckler           |     1 |     8 |    74 |    24 ||   107
